 Dungeon Crawl Stone Soup version 0.22-a0-274-gf8199ec (webtiles) character file.

88 neds the Chucker (level 4, 0/41 HPs)
             Began as a Troll Hunter on Mar 14, 2018.
             Blown up by an orc (16 damage)
             ... with a wand of disintegration (9)
             ... on level 3 of the Dungeon.
             The game lasted 00:05:13 (1999 turns).

neds the Chucker (Troll Hunter)                     Turns: 1999, Time: 00:05:14

Health: 0/41       AC:  5    Str: 20    XL:     4   Next: 30%
Magic:  3/3        EV: 10    Int:  7    God:
Gold:   96         SH:  0    Dex: 11    Spells: 3/3 levels left

rFire    . . .     SeeInvis .     - Unarmed
rCold    . . .     Gourm    +   (no shield)
rNeg     . . .     Faith    .   b - +0 robe
rPois    .         Spirit   .   (helmet restricted)
rElec    .         Reflect  .   (no cloak)
rCorr    .         Harm     .   (gloves unavailable)
MR       .....                  (boots unavailable)
Stlth    +.........             (no amulet)
HPRegen  0.53/turn              (no ring)
MPRegen  0.08/turn              (no ring)

@: slowed, very slow
A: large, unfitting armour, claws 3, fast metabolism 3, gourmand, regeneration
1, shaggy fur 1, tough skin 2
a: no special abilities


You were on level 3 of the Dungeon.
You were completely stuffed.

You visited 1 branch of the dungeon, and saw 3 of its levels.

You collected 96 gold pieces.

Inventory:

Hand Weapons
 a - a +0 short sword
Missiles
 c - 5 large rocks (quivered)
 d - 2 throwing nets
Armour
 b - a +0 robe (worn)
Jewellery
 q - an uncursed ring of wizardry {unknown}
 r - an uncursed ring of see invisible {unknown}
Scrolls
 h - a scroll of random uselessness {unknown}
 k - 3 scrolls of identify {unknown}
 l - 2 scrolls of remove curse {unknown}
 o - 2 scrolls of magic mapping {unknown}
 p - a scroll of immolation {unknown}
 s - a scroll of teleportation {unknown}
Potions
 e - a potion of invisibility {unknown}
 g - 3 potions of curing {unknown}
 i - a potion of mutation {unknown}
 m - a potion of flight {unknown}
 n - a potion of brilliance {unknown}
Comestibles
 f - 8 rations


   Skills:
 - Level 1.5 Fighting
 - Level 4.2 Throwing
 - Level 1.5 Dodging
 - Level 0.3 Stealth
 + Level 3.2 Unarmed Combat


You had 3 spell levels left.
You didn't know any spells.

Dungeon Overview and Level Annotations

Branches:
Dungeon (3/15)

Altars:
Dithmenos
Trog


Innate Abilities, Weirdness & Mutations

You are too large for most types of armour.
You have claws for hands.
Your metabolism is lightning-fast.
You like to eat raw meat.
Your natural rate of healing is unusually fast.
You are covered in fur. (AC +1)
You have very tough skin. (AC +2)


Message History

The orc wizard casts a spell.
The orc wizard seems to speed up.
You barely miss the orc wizard.
The orc wizard is heavily wounded.
The orc wizard hits you but does no damage.
The orc hits you with a hand axe.
The orc wizard hits you but does no damage.
The orc barely misses you.
The jackal barks!
You claw the orc wizard!
You kill the orc wizard!
Your Unarmed Combat skill increases to level 3!
You have reached level 4!
The orc wizard mumbles some strange words.
The orc wizard blinks!
The orc zaps a wand.
You are blasted!
The orc hits you with a hand axe. The orc closely misses you.
The orc wizard casts a spell.
The orc wizard blinks!
The orc zaps a wand.
You are blasted!
You die...

#................#
#...##....######.#
##.###.#.## #.#
#.#.# #.# #.#.#
#.# #.#.# #.#
#.#.# #.# #....
#@#####.# #o.#
##.# #o# #S# #
#r####.#.Z
#o#.......
#)h.rhh...
###o##...#


You could see an orc wizard, an adder, 2 orcs, a jackal and a rat.

Vanquished Creatures
  An orc wizard (D:3)
  2 oozes (D:2)
  A worm (D:3)
  A dart slug (D:2)
  A leopard gecko (D:1)
  4 goblins
  7 hobgoblins
  5 jackals (D:1)
  3 kobolds
  2 quokkas (D:2)
  2 ball pythons (D:2)
  5 bats
  4 frilled lizards
  5 rats
43 creatures vanquished.

Notes
Turn   | Place    | Note
-------+----------+-------------------------------------------
     0 | D:1      | neds the Troll Hunter began the quest for the Orb.
     0 | D:1      | Reached XP level 1. HP: 19/19 MP: 0/0
   265 | D:1      | Reached skill level 1 in Unarmed Combat
   293 | D:1      | Reached XP level 2. HP: 26/27 MP: 1/1
   544 | D:1      | Reached skill level 4 in Throwing
   854 | D:2      | Reached XP level 3. HP: 33/33 MP: 2/2
  1090 | D:2      | Found a bloodstained altar of Trog.
  1429 | D:2      | Found a shadowy altar of Dithmenos.
  1993 | D:3      | Reached XP level 4. HP: 19/41 MP: 3/3
  1999 | D:3      | Blown up by an orc

Vault maps used:
D:1:      mrwooster_arrival_statue_2
D:2:      nicolae_dithmenos_through_a_glass_darkly,
          nicolae_overflow_hidden_temple, first_ration
D:3:      fedhas_altar_fruit_tree

Skill      XL: |  1  2  3 |
---------------+----------+-----
Unarmed Combat | 1 3 |  3.2
Throwing       | 4 |  4.2
Fighting       | |  1.5
Dodging        | |  1.5
Stealth        | |  0.3

Action                   |  1- 3 |  4- 6 || total
-------------------------+-------+-------++-------
Melee: Unarmed           |   131 |       ||   131
       Punch             |     2 |       ||     2
Throw: Large rock        |     3 |       ||     3
  Eat: Chunk             |    24 |       ||    24
Armor: Robe              |    45 |       ||    45
Dodge: Dodged            |    73 |     1 ||    74

Table legend:
 A = Spawn XP
 B = Non-spawn XP
 C = Spawn XP percentage of total XP
 D = Spawn monster count
 E = Non-spawn monster count
 F = Spawn count percentage of total count
 G = Total turns spent on level
                    A         B        C        D         E        F      G
               +---------+---------+-------+---------+---------+-------+---------
         Total |       0 |     127 |   0.0 |       0 |      43 |   0.0 |  1999
               +---------+---------+-------+---------+---------+-------+---------
           D:1 |       0 |      37 |   0.0 |       0 |      22 |   0.0 |   842
           D:2 |       0 |      37 |   0.0 |       0 |      15 |   0.0 |   897
           D:3 |       0 |      53 |   0.0 |       0 |       6 |   0.0 |   260
               +---------+---------+-------+---------+---------+-------+---------
